 Dungeon Crawl Stone Soup version 0.28.0-53-g5a82cb258f (webtiles) character file.

Game seed: 5463943312873655736

22 Zeld the Firebug (level 2, -3/15 HPs)
             Began as a Deep Elf Fire Elementalist on May 22, 2022.
             Killed from afar by Sigmund (8 damage)
             ... with a magic dart
             ... on level 2 of the Dungeon.
             The game lasted 00:01:18 (1740 turns).

Zeld the Firebug (Deep Elf Fire Elementalist)       Turns: 1740, Time: 00:01:18

Health: -3/15      AC:  2    Str:  5    XL:     2   Next: 68%
Magic:  5/8        EV: 13    Int: 19    God:
Gold:   56         SH:  0    Dex: 15    Spells: 4/7 levels left

rFire   . . .      SeeInvis .   (no weapon)
rCold   . . .      Faith    .   (no shield)
rNeg    . . .      Spirit   .   a - +0 robe
rPois   .          Reflect  .   (no helmet)
rElec   .          Harm     .   (no cloak)
rCorr   .          Rampage  .   (no gloves)
Will    .....                   (no boots)
Stlth   ++........              (no amulet)
HPRegen 0.05/turn               (no ring)
MPRegen 0.11/turn               (no ring)

@: no status effects
A: no striking features
a: no special abilities


You were on level 2 of the Dungeon.
You visited 1 branch of the dungeon, and saw 2 of its levels.

You collected 56 gold pieces.

Inventory:

Armour
 a - a +0 robe (worn)
Scrolls
 b - a scroll of blinking {unknown}
 c - a scroll of immolation {unknown}
 d - a scroll of vulnerability {unknown}
 e - a scroll of torment {unknown}
 f - a scroll of brand weapon {unknown}
 g - a scroll of identify {unknown}


   Skills:
 + Level 2.7 Dodging
 - Level 2.4 Stealth
 * Level 3.4 Spellcasting
 + Level 1.5 Conjurations
 * Level 3.8 Fire Magic


You had 4 spell levels left.
You knew the following spells:

 Your Spells              Type           Power      Damage    Failure   Level
a - Foxfire               Conj/Fire      52%        2x1d6     4%          1
b - Scorch                Fire           34%        2d6       4%          2

Your spell library contained the following spells:

 Spells                   Type           Power      Damage    Failure   Level
 Conjure Flame            Conj/Fire      13%        6-21      14%         3
 Inner Flame              Hex/Fire       10%        N/A       21%         3
 Flame Wave               Conj/Fire      13%        2d6       43%         4


Dungeon Overview and Level Annotations

Branches:
Dungeon (2/15)

Altars:

Annotations:
D:2 Sigmund


Message History

You kill the ball python!
Things that are here:
a +0 dagger; a kobold corpse
Casting: Scorch (safe; 4% risk of failure)
Confirm with . or Enter, or press ? or * to list all spells.
You can't see any susceptible monsters within range! (Use Z to cast anyway.)
Casting: Scorch (safe; 4% risk of failure)
Confirm with . or Enter, or press ? or * to list all spells.
You can't see any susceptible monsters within range! (Use Z to cast anyway.)
f - a scroll labelled OSOTEE SUSTOTITZ
g - a scroll labelled SUETENL LAUN You now have 56 gold pieces (gained 9).
Found a leather armour.
You see here a +0 leather armour.
Sigmund the Dreaded comes into view.
He is wielding a +1 scythe of holy wrath.
Sigmund is nearby!
Sigmund is nearby!
Sigmund shouts!
Sigmund hits you from afar with a +1 scythe of holy wrath.
Casting: Scorch (safe; 4% risk of failure)
Confirm with . or Enter, or press ? or * to list all spells.
Flames lash Sigmund.
Sigmund is lightly wounded.
Sigmund's fire resistance burns away.
Casting: Scorch (safe; 4% risk of failure)
Confirm with . or Enter, or press ? or * to list all spells.
You miscast Scorch.
You are very lightly contaminated with residual magic.
Nothing appears to happen.
Sigmund hits you from afar with a +1 scythe of holy wrath!
Ouch! That really hurt!
* * * LOW HITPOINT WARNING * * *
Unknown command.
A ball python comes into view.
Sigmund is no longer more vulnerable to fire.
Your magical contamination has completely faded away.
Sigmund gestures at you while chanting. The magic dart hits you!
Ouch! That really hurt!
You die...

#.####..#
#.#####[#
#..########.##
#......#
#...@.........
#.#####.##
#.#########.#.
#.####...###@##
.......#......#
####.....###@.#
..............#
###....@####.#
#......## ....
#.##.#.#####.....
#............#####
#..##.##.###### #.
#. #.# # . #.# ##
#.# #####
##########.#


You could see Sigmund.

Vanquished Creatures
  2 ball pythons
  2 endoplasms (D:1)
  2 giant cockroaches (D:1)
  A goblin (D:1)
  3 hobgoblins
  4 kobolds
  3 bats
  A frilled lizard (D:1)
  3 rats (D:1)
21 creatures vanquished.

Vanquished Creatures (collateral kills)
  3 foxfires (D:1)
3 creatures vanquished.

Vanquished Creatures (others)
  53 foxfires (D:1)
  A plant (D:1)
54 creatures vanquished.

Grand Total: 78 creatures vanquished

Notes
Turn   | Place    | Note
-------+----------+-------------------------------------------
     0 | D:1      | Zeld the Deep Elf Fire Elementalist began the quest for the
                  | Orb.
     0 | D:1      | Reached XP level 1. HP: 10/10 MP: 6/6
   479 | D:1      | Reached XP level 2. HP: 14/15 MP: 2/8
   495 | D:1      | Learned a level 2 spell: Scorch
   678 | D:1      | Found a faded altar of an unknown god.
  1721 | D:2      | Noticed Sigmund
  1740 | D:2      | Killed from afar by Sigmund

Illustrated notes

Levels and vault maps discovered:
D:1:      lightli_arrival_isolated_outpost, layout_basic,
          shapermc_ecumenical_altar_mp_ritualfount
D:2:      minmay_angry_zag, layout_loops_ring, uniq_sigmund

Action                   || total
-------------------------++-------
Melee: Unarmed           ||    17
       Punch             ||     1
 Cast: Foxfire           ||    34
       Scorch            ||    17
 Stab: Sleeping          ||     1
Armor: Robe              ||     9
Dodge: Dodged            ||    11
